 Dungeon Crawl Stone Soup version 0.30-a0-358-g0d69a1922f (webtiles) character file.

Game seed: 4914079724999330713

29 ryw the Caller (level 3, -3/19 HPs)
             Began as a Deep Elf Summoner on Nov 9, 2022.
             Slain by Terence
             ... wielding a +0 falchion
              (9 damage)
             ... on level 2 of the Dungeon.
             The game lasted 00:03:38 (1230 turns).

ryw the Caller (Deep Elf Summoner)                  Turns: 1230, Time: 00:03:39

Health: -3/19      AC:  6    Str:  5    XL:     3   Next: 1%
Magic:  5/10       EV: 13    Int: 21    God:
Gold:   25         SH:  0    Dex: 15    Spells: 0/9 levels left

rFire   . . .      SeeInvis .    (no weapon)
rCold   . . .      Faith    .    (no shield)
rNeg    . . .      Spirit   .    a - +0 robe
rPois   .          Reflect  .    (no helmet)
rElec   .          Harm     +    i - scarf {harm}
rCorr   .          Rampage  .    (no gloves)
Will    .....                    (no boots)
Stlth   ++........               (no amulet)
HPRegen 0.23/turn                e - +4 ring of protection
MPRegen 0.12/turn                (no ring)

@: no status effects
A: no striking features
a: no special abilities


You were on level 2 of the Dungeon.
You visited 1 branch of the dungeon, and saw 2 of its levels.

You collected 25 gold pieces.

Inventory:

Armour
 a - a +0 robe (worn)
 i - a scarf of harm (worn)
 n - a +0 pair of boots
Jewellery
 e - a +4 ring of protection (left hand)
 j - a ring of fire
Scrolls
 c - a scroll of silence {unknown}
 d - 2 scrolls of teleportation {unknown}
 f - a scroll of identify {unknown}
Potions
 b - 2 potions of magic
 g - a potion of ambrosia {unknown}
 h - 2 potions of degeneration {unknown}
 k - 2 potions of curing {unknown}
 l - a potion of resistance {unknown}
 m - a potion of heal wounds {unknown}


   Skills:
 + Level 0.0 Fighting
 + Level 3.0 Dodging
 - Level 3.0 Stealth
 + Level 3.5 Spellcasting
 + Level 0.0 Hexes
 + Level 4.6 Summonings


You couldn't memorise any spells.
You knew the following spells:

 Your Spells              Type           Power      Damage    Failure   Level
a - Summon Small Mammal   Summ           92%        N/A       1%          1
b - Call Imp              Summ           23%        N/A       2%          2
c - Call Canine Familiar  Summ           23%        N/A       5%          3
d - Summon Guardian Gole  Hex/Summ       13%        N/A       14%         3

Your spell library contained the following spells:

 Spells                   Type           Power      Damage    Failure   Level
 Frozen Ramparts          Ice            6%         1d1       36%         3
 Summon Ice Beast         Ice/Summ       13%        N/A       43%         4
 Summon Lightning Spire   Summ/Air       13%        N/A       43%         4
 Ice Form                 Ice/Tmut       3%         N/A       77%         4


Dungeon Overview and Level Annotations

Branches:
Dungeon (2/15)

Altars:
Okawaru

Shops:
D:2 ?

Annotations:
D:2 Terence


Message History

Something hits the plant.
Something hits the plant.
A nearby fungus withers and dies.
Something hits the plant.
Your bat disappears in a puff of smoke!
A nearby plant withers and dies.
Your white imp disappears in a puff of smoke!
Found a pair of boots.
Terence the Incautious comes into view.
He is wielding a +0 falchion and carrying a wand of flame (21).
Terence shouts!
Casting: Summon Small Mammal (safe; 1% risk of failure)
Confirm with . or Enter, or press ? or * to list all spells.
A beastly little devil appears in a puff of flame.
Terence zaps a wand.
The puff of flame hits you!
Ouch! That really hurt!
* * * LOW HITPOINT WARNING * * *
Casting: Call Imp (safe; 2% risk of failure)
Confirm with . or Enter, or press ? or * to list all spells.
Your crimson imp blinks!
You see here a +0 pair of boots.
n - a +0 pair of boots Your crimson imp barely misses Terence.
Your quokka bites Terence.
Casting: Summon Small Mammal (safe; 1% risk of failure)
Confirm with . or Enter, or press ? or * to list all spells.
Your quokka bites Terence but does no damage. x2
Your quokka bites Terence.
Casting: Summon Small Mammal (safe; 1% risk of failure)
Confirm with . or Enter, or press ? or * to list all spells.
Your quokka disappears in a puff of smoke!
Your quokka bites Terence but does no damage.
Terence barely misses you.
Your bat hits Terence but does no damage.
Your bat barely misses Terence.
Your quokka bites Terence.
Terence shouts, "ATTACK!!!"
Casting: Summon Small Mammal (safe; 1% risk of failure)
Confirm with . or Enter, or press ? or * to list all spells.
Your bat disappears in a puff of smoke!
Your crimson imp hits Terence but does no damage.
Terence hits you with a +0 falchion!
You die...

.....#......#.###### ##.##
#.....#.#...# #.#
##.∩.##.##.## ##.##
#.......##.# #...#
###.########.# #...#
#.†.....# #.. #...# #<......#
### #####...##### #.......#
#.####.§.........# #........#
#..@@5r§...........
#........#
#.r###...........##
#...............
#..#.#...#.###
#.........###..##..##.#...#.#
########..##..##..# #.#...#.#
..##.##... #.#...# ###..##
##..... ..# #.....


You could see Terence (ally target), a friendly crimson imp (summoned) and 2
friendly quokkas.

Vanquished Creatures
  2 ball pythons
2 creatures vanquished.

Vanquished Creatures (collateral kills)
  An adder (D:2)
  2 ball pythons (D:1)
  A bat (D:1)
  3 endoplasms
  2 goblins (D:1)
  2 quokkas (D:1)
  6 rats
17 creatures vanquished.

Vanquished Creatures (others)
  3 fungi (D:2)
  2 plants (D:2)
5 creatures vanquished.

Grand Total: 24 creatures vanquished

Notes
Turn   | Place    | Note
-------+----------+-------------------------------------------
     0 | D:1      | ryw the Deep Elf Summoner began the quest for the Orb.
     0 | D:1      | Reached XP level 1. HP: 10/10 MP: 6/6
   328 | D:1      | Reached XP level 2. HP: 7/15 MP: 5/8
   333 | D:1      | Learned a level 2 spell: Call Imp
  1028 | D:2      | Found Kyshreesh's Magic Scroll Emporium.
  1118 | D:2      | Found an iron altar of Okawaru.
  1170 | D:2      | Reached XP level 3. HP: 19/19 MP: 6/10
  1174 | D:2      | Learned a level 3 spell: Call Canine Familiar
  1178 | D:2      | Learned a level 3 spell: Summon Guardian Golem
  1217 | D:2      | Noticed Terence
  1230 | D:2      | Slain by Terence

Illustrated notes

Levels and vault maps discovered:
D:1:      lightli_arrival_windingriver, layout_loops_ring
D:2:      minmay_alternating_diamond, layout_loops_cross, basic_altar,
          dreamdust_ecumenical_altar_grove, serial_shops,
          nicolae_lakefront_shop, nicolae_shop_overgrown_old_shop,
          nicolae_shop_stone, uniq_terence, uniq_sigmund

Skill      XL: |  1  2 |
---------------+-------+-----
Dodging        | 3 |  3.0
Stealth        | 3 |  3.0
Spellcasting   | |  3.5
Summonings     | |  4.6

Action                   || total
-------------------------++-------
Melee: Unarmed           ||     7
 Cast: Summon Small Mamm ||    33
       Call Imp          ||    12
 Stab: Distracted        ||     1
Armor: Robe              ||     4
Dodge: Dodged            ||     7

Table legend: (Time is in decaauts)
 A = Elapsed time spent in this place.
 B = Non-inter-level travel time spent in this place.
 C = Inter-level travel time spent in this place.
 D = Time resting spent in this place.
 E = Time spent auto-exploring this place.
 F = Levels seen in this place.
 G = Mean time per level.
                   A        B        C        D        E       F      G
               +--------+--------+--------+--------+--------+-----+--------+
         Total |   1230 |   1200 |     30 |      0 |    960 |   2 |  615.0 |
       Dungeon |   1230 |   1200 |     30 |      0 |    960 |   2 |  615.0 |
               +--------+--------+--------+--------+--------+-----+--------+

Top non-repeatable levels by time:
     D:1: 1028 daAuts
     D:2: 201 daAuts
